AoeStats
← zamithdaniel

Arena

507591882Analyzed
3v3 RM · 14d ago on Sep 18, 2026· 20m 20s· 6 players
Game mode
Random Map
Map size
Normal (6 player)
Population
200
Speed
Normal
Resources
Standard
Victory
Conquest
Starting age
Dark Age
Ending age
Imperial Age
RankedLock teamsTeams togetherTeam positionsShared explorationLock speedFull tech treeHidden civsTurbo modeCheats
Victory
Defeat
🇲🇦 Spanish · Morocco
1152
+8
🇲🇦 Cumans · Morocco
1074
+11
🇲🇦 Slavs · Morocco
1026
+12
🇺🇸 Britons · United States
998
-12
🇨🇴 Celts · Colombia
954
-10
🇺🇸 Gurjaras · United States
928
-25
Caillou
11:19 Feudal Age
9:43 Loom
15:08 Castle Age
13:47 Horse Collar
13:55 Double-Bit Axe
17:12 Loom
19:11 Man-at-Arms
vilev
1:34 Loom
12:59 Feudal Age
13:25 Horse Collar
15:53 Double-Bit Axe
15:39 Man-at-Arms
17:11 Wheelbarrow
16:42 Gold Mining
zamithdaniel
10:16 Feudal Age
10:47 Double-Bit Axe
10:45 Horse Collar
18:31 Castle Age
Moul_3asirLimoune
9:15 Feudal Age
15:41 Castle Age
14:08 Double-Bit Axe
16:03 Horse Collar
17:27 Loom
II ZAN II
0:31 Loom
12:10 Feudal Age
16:44 Castle Age
14:30 Horse Collar
15:05 Double-Bit Axe
16:31 Stone Mining
16:34 Gold Mining
16:47 Gold Mining
18:21 Wheelbarrow
[ALWM]jinikoro
11:49 Feudal Age
12:13 Man-at-Arms
13:37 Scale Mail Armor
Connection lost

Rejoining the realm…

Still unreachable

The connection could not be restored.

Session expired

The server has moved on; the page needs a fresh start.